 Dungeon Crawl Stone Soup version 0.18.1-48-g4cf74bf (webtiles) character file.

227 nikopol the Chopper (level 6, 0/79 HPs)
             Began as a Hill Orc Berserker on July 28, 2016.
             Was a Believer of Trog.
             Succumbed to Blork the orc's poison
             ... on level 4 of the Dungeon.
             The game lasted 00:05:31 (3028 turns).

nikopol the Chopper (Hill Orc Berserker)            Turns: 3028, Time: 00:05:32

Health: 0/79       AC:  5    Str: 26    XL:     6   Next: 2%
Magic:  6/6        EV: 11    Int:  7    God:    Trog [**....]
Gold:   118        SH:  0    Dex: 11    Spells: 0 memorised, 5 levels left

rFire  . . .     SeeInvis +     a - +0 hand axe
rCold  . . .     Gourm    .     g - +0 ring mail
rNeg   . . .     Faith    .     (no shield)
rPois  .         Spirit   .     (no helmet)
rElec  .         Dismiss  .     (no cloak)
rCorr  .         Reflect  .     (no gloves)
SustAt .         Harm     .     (no boots)
MR     ++...                    (no amulet)
Stlth  ..........               x - ring of see invisible
                                (no ring)

@: berserking (expiring), lethally poisoned (0 -> -3), regenerating, very quick,
very resistant to hostile enchantments, extremely unstealthy
A: no striking features
a: Berserk, Trog's Hand, Burn Spellbooks, Renounce Religion


You were on level 4 of the Dungeon.
You worshipped Trog.
Trog was pleased with you.
You were not hungry.

You visited 1 branch of the dungeon, and saw 4 of its levels.

You collected 118 gold pieces.

Inventory:

Hand Weapons
 a - a +0 hand axe (weapon)
Missiles
 l - 5 tomahawks (quivered)
Armour
 b - a +0 animal skin
 g - a +0 ring mail (worn)
Jewellery
 x - a ring of see invisible (right hand)
Scrolls
 e - a scroll of blinking {unknown}
 f - a scroll of enchant armour {unknown}
 h - a scroll of recharging {unknown}
 j - a scroll of immolation {unknown}
 k - a scroll of teleportation {unknown}
 m - a scroll of identify {unknown}
 r - 3 scrolls of magic mapping {unknown}
 v - a scroll of enchant weapon {unknown}
Potions
 d - a potion of mutation {unknown}
 p - a potion of brilliance {unknown}
 q - a potion of invisibility {unknown}
 s - a potion of lignification {unknown}
 t - 3 potions of heal wounds {unknown}
Comestibles
 c - 2 bread rations
 i - a meat ration
 u - 2 fruits


   Skills:
 + Level 4.6 Fighting
 * Level 5.8 Axes
 + Level 1.0 Throwing
 + Level 3.8 Armour
 + Level 2.4 Dodging


You had 5 spell levels left.
You didn't know any spells.

Dungeon Overview and Level Annotations

Branches:
Dungeon (4/15)
 Temple: D:4-7

Altars:
Okawaru
Yredelemnul
The Shining One


Message History

You feel agile.
You feel sick.
The gnoll hits you from afar with a spear.
* * * LOW HITPOINT WARNING * * *
The gnoll hits you from afar with a spear.
* * * LOW HITPOINT WARNING * * *
You are too injured to fight recklessly!
You are too injured to fight recklessly!
An adder comes into view.
You feel sick. The gnoll closely misses you. x2
The gnoll hits you with a spear.
* * * LOW HITPOINT WARNING * * *
The gnoll hits you with a spear.
* * * LOW HITPOINT WARNING * * *
Items here: ) / [ † a glaive of venom; a robe; a bronze wand; the orc corpse of Blork the orc You barely miss the gnoll.
You hit the gnoll.
The gnoll is moderately wounded.
You closely miss the gnoll.
You die...

....# . ....# #. #...#
#..####...####.
.S......%......
.......g.......
......ggg...... #@# #
###############.##..###
#......................
#.....<................
#......................
###############.##.##.#
#.# .# # ... . ...( ..


You could see 4 gnolls and an adder.

Vanquished Creatures
  Blork the orc (D:4)
  5 gnolls
  4 adders
  2 oozes
  A worm (D:3)
  3 giant geckos
  2 orcs (D:3)
  4 bats
  2 giant cockroaches (D:1)
  7 hobgoblins
  6 jackals
  3 quokkas (D:2)
  A ball python (D:1)
  A giant newt (D:3)
  5 goblins
  8 kobolds
  7 rats
62 creatures vanquished.

Notes
Turn   | Place    | Note
--------------------------------------------------------------
     0 | D:1      | nikopol the Hill Orc Berserker began the quest for the Orb.
     0 | D:1      | Reached XP level 1. HP: 19/19 MP: 1/1
   162 | D:1      | Reached XP level 2. HP: 27/27 MP: 2/2
   507 | D:1      | Reached XP level 3. HP: 32/33 MP: 3/3
   826 | D:2      | Reached ** piety under Trog
  1254 | D:2      | Reached XP level 4. HP: 37/40 MP: 4/4
  1397 | D:2      | Reached skill level 5 in Axes
  1818 | D:3      | Found an iron altar of Okawaru.
  2066 | D:3      | Found a glowing golden altar of the Shining One.
  2167 | D:3      | Reached XP level 5. HP: 21/47 MP: 5/5
  2700 | D:3      | Found a basalt altar of Yredelemnul.
  2728 | D:3      | Found a faded altar to an unknown god.
  3008 | D:4      | Noticed Blork the orc
  3026 | D:4      | Killed Blork the orc
  3026 | D:4      | Reached skill level 1 in Throwing
  3026 | D:4      | Reached XP level 6. HP: 18/53 MP: 6/6
  3027 | D:4      | HP: 1/79 [gnoll/spear (6)]
  3028 | D:4      | Succumbed to Blork the orc's poison

Skill      XL: |  1  2  3  4  5 |
---------------+----------------+-----
Fighting       | 4 |  4.6
Armour         | 3 |  3.8
Axes           | 5 |  5.8
Dodging        | 2 |  2.4
Throwing       | 1 |  1.0

Action                   |  1- 3 |  4- 6 || total
-------------------------+-------+-------++-------
Melee: Hand axe          |   117 |   135 ||   252
Invok: Berserk           |     1 |     3 ||     4
       Trog's Hand       |       |     1 ||     1
 Stab: Sleeping          |     1 |       ||     1
  Eat: Chunk             |     2 |     7 ||     9
       Pizza             |       |     1 ||     1
Armor: Animal skin       |     8 |       ||     8
       Ring mail         |     6 |    30 ||    36
Dodge: Dodged            |    73 |    84 ||   157
